[Event "Titled Tuesday Blitz May 03 Late 2022"]
[White "Hambleton, Aman"]
[Black "Melikyan, Gnel"]
[WhiteFideId "2606577"]
[BlackFideId "54109990"]
[WhiteElo "2552"]
[BlackElo "1772"]
[Result "1-0"]
[Round "07"]
[TimeControl "180+1"]
[Date "2022.05.03"]
[WhiteClock "0:00:04"]
[BlackClock "0:00:10"]

1. d4 Nf6 2. Bf4 g6 3. Nc3 d5 4. e3 c6 5. h4 Qb6 6. a3 Bg7 7. Bd3 Nbd7 8. Nf3 h6 9. b4 a5 10. b5 Qa7 11. bxc6 bxc6 12. O-O Ba6 13. Rb1 O-O 14. Ne5 Nxe5 15. Bxe5 Rfc8 16. Bxf6 Bxf6 17. h5 Kg7 18. hxg6 fxg6 19. Na4 Bxd3 20. cxd3 Rab8 21. Qg4 e5 22. dxe5 Bxe5 23. d4 Bd6 24. Qe6 Qe7 25. Qxe7+ Bxe7 26. Nb6 Rd8 27. Na4 Bxa3 28. g3 Rb4 29. Nc3 Rc4 30. Ne2 Bb4 31. Nf4 Re8 32. Kg2 g5 33. Nd3 Rb8 34. Ne5 Rc3 35. Rh1 c5 36. Nd7 Rc8 37. dxc5 Rc7 38. Nb6 R7xc5 39. Rbd1 Rb5 40. Nxd5 Rc2 41. Kf3 Rb7 42. g4 Rf7+ 43. Ke4 Rcxf2 44. Rd4 Bc5 45. Rc4 Bb4 46. Rc6 Rg2 47. Rhxh6 Rxg4+ 48. Kd3 Rd7 49. Rcg6+ Kf7 50. e4 Rg3+ 51. Kd4 Rg1 52. Rf6+ Kg7 53. Rhg6+ Kh7 54. Rh6+ Kg7 55. Ke5 Re1 56. Rfg6+ Kf7 57. Rf6+ Kg7 58. Rhg6+ Kh7 59. Rxg5 Ba3 60. Rh5+ Kg7 61. Rg5+ Kh7 62. Rf3 Bb2+ 63. Ke6 Rd8 64. Rh3# 1-0


[Site "https://www.chess.com"]

[Event "Titled Tuesday Blitz May 03 Late 2022"]
[White "Herrera Reyes, Jose Antonio"]
[Black "Kamsky, Gata"]
[WhiteFideId "2274914"]
[BlackFideId "2000024"]
[WhiteElo "2361"]
[BlackElo "2645"]
[Result "0-1"]
[Round "07"]
[TimeControl "180+1"]
[Date "2022.05.03"]
[WhiteClock "0:00:07"]
[BlackClock "0:00:36"]

1. e4 c5 2. Nc3 Nc6 3. g3 g6 4. h4 h5 5. Bg2 d6 6. d3 Bg7 7. Nge2 Rb8 8. a4 a6 9. O-O b5 10. axb5 axb5 11. f4 b4 12. Nd5 e6 13. Ne3 Nh6 14. c3 bxc3 15. bxc3 O-O 16. d4 cxd4 17. cxd4 Rb4 18. e5 dxe5 19. dxe5 Qb6 20. Kh1 Rd8 21. Qc2 Bb7 22. Rd1 Rxd1+ 23. Qxd1 Bf8 24. Qd7 Kg7 25. Nc3 Nd4 26. Ne4 Bxe4 27. Bxe4 Ne2 28. Ra7 Rxe4 29. f5 Qb1 30. f6+ Kh7 31. Qd1 Rxe3 0-1


[Site "https://www.chess.com"]

[Event "Titled Tuesday Blitz May 03 Late 2022"]
[White "Hnydiuk, Aleksander"]
[Black "Migot, Tangi"]
[WhiteFideId "1109057"]
[BlackFideId "662445"]
[WhiteElo "2374"]
[BlackElo "2505"]
[Result "0-1"]
[Round "07"]
[TimeControl "180+1"]
[Date "2022.05.03"]
[WhiteClock "0:00:01"]
[BlackClock "0:00:14"]

1. e4 c5 2. Nf3 Nc6 3. d4 cxd4 4. Nxd4 e5 5. Nb5 a6 6. Nd6+ Bxd6 7. Qxd6 Qf6 8. Qd1 Qg6 9. Nc3 d5 10. Nxd5 Qxe4+ 11. Be2 Nd4 12. Nc7+ Ke7 13. Nxa8 Qxg2 14. Rf1 Bh3 15. Be3 Nf6 16. Bxd4 exd4 17. Qxd4 Rxa8 18. O-O-O Qc6 19. Bf3 Qxf3 20. Rfe1+ Be6 21. Qd6+ Ke8 22. Re3 Qc6 23. Qa3 Rc8 24. Rc3 Qb6 25. Rxc8+ Bxc8 26. f3 Be6 27. Kb1 Nd5 28. Qd3 g6 29. a3 Qe3 30. Qxe3 Nxe3 31. Rd4 Nf5 32. Rb4 b5 33. a4 Bd7 34. Kc1 Nd6 35. axb5 axb5 36. b3 Bc6 37. Rd4 Ke7 38. Rd3 Ke6 39. Kd2 h5 40. Ke3 g5 41. Rd1 f5 42. f4 g4 43. Ra1 h4 44. Ra7 g3 45. hxg3 hxg3 46. Rg7 Ne4 47. Rg6+ Kd5 48. c4+ bxc4 49. bxc4+ Kc5 0-1


[Site "https://www.chess.com"]

[Event "Titled Tuesday Blitz May 03 Late 2022"]
[White "Hoffmann, Asa"]
[Black "Toncheva, Nadya"]
[WhiteFideId "2001470"]
[BlackFideId "2924056"]
[WhiteElo "2117"]
[BlackElo "1884"]
[Result "0-1"]
[Round "07"]
[TimeControl "180+1"]
[Date "2022.05.03"]
[WhiteClock "0:00:35"]
[BlackClock "0:00:36"]

1. d4 Nf6 2. Bg5 Ne4 3. Bf4 d5 4. f3 Nf6 5. e4 dxe4 6. Nc3 exf3 7. Nxf3 c6 8. Bc4 Bf5 9. Qe2 e6 10. O-O-O Bd6 11. Ne5 Qe7 12. g4 Bg6 13. h4 Bxe5 14. dxe5 Nd5 15. Bxd5 exd5 16. h5 Be4 17. Nxe4 dxe4 18. Qxe4 Nd7 19. h6 g6 20. Rd6 Nc5 21. Qe3 Ne6 22. Rhd1 O-O 23. Rd7 Qb4 24. Bg5 Qxg4 25. Bf6 b5 26. Qc3 b4 27. Qc5 Nxc5 0-1


[Site "https://www.chess.com"]

[Event "Titled Tuesday Blitz May 03 Late 2022"]
[White "Itkis, Boris"]
[Black "Al-Tarboush, Ward"]
[WhiteFideId "1209167"]
[BlackFideId "7601450"]
[WhiteElo "2207"]
[BlackElo "2276"]
[Result "1-0"]
[Round "07"]
[TimeControl "180+1"]
[Date "2022.05.03"]
[WhiteClock "0:00:18"]
[BlackClock "0:00:40"]

1. c4 c5 2. Nc3 Nc6 3. Nf3 e5 4. e3 Nf6 5. d4 e4 6. d5 exf3 7. dxc6 dxc6 8. Qxd8+ Kxd8 9. gxf3 Bd6 10. b3 Kc7 11. Bb2 Bf5 12. O-O-O Rad8 13. Bd3 Bxd3 14. Rxd3 Be5 15. Nd5+ cxd5 16. Bxe5+ Kc6 17. Rg1 dxc4 18. Rxd8 Rxd8 19. bxc4 Nh5 20. Kc2 g6 21. f4 f5 22. Rd1 Rxd1 23. Kxd1 h6 24. Ke2 Kd7 25. Kd3 Ke6 26. Kc3 Nf6 27. Bxf6 Kxf6 28. Kb3 b6 29. a4 Ke6 30. a5 Kd6 31. axb6 axb6 32. Ka4 Kc6 33. f3 g5 34. fxg5 hxg5 35. h3 Kc7 36. Kb5 Kb7 37. e4 fxe4 38. fxe4 Kc7 39. e5 Kb7 40. e6 Kc7 41. e7 Kd7 42. Kxb6 Kxe7 43. Kxc5 Ke6 44. Kb6 Kf5 45. c5 1-0


[Site "https://www.chess.com"]

[Event "Titled Tuesday Blitz May 03 Late 2022"]
[White "Jacobson, Aaron"]
[Black "Thybo, Jesper Sondergaard"]
[WhiteFideId "2089912"]
[BlackFideId "1438832"]
[WhiteElo "2529"]
[BlackElo "2685"]
[Result "1-0"]
[Round "07"]
[TimeControl "180+1"]
[Date "2022.05.03"]
[WhiteClock "0:00:04"]
[BlackClock "0:00:02"]

1. e4 c5 2. Nf3 d6 3. d4 cxd4 4. e5 Nf6 5. exf6 e5 6. fxg7 Bxg7 7. c3 O-O 8. cxd4 e4 9. Ng5 d5 10. Qh5 Bf5 11. Be2 Bg6 12. Qg4 Nc6 13. O-O Nxd4 14. Nc3 Rc8 15. Be3 h5 16. Qf4 Nc2 17. Rad1 d4 18. Ncxe4 Qe7 19. Bc1 Be5 20. Qh4 Rfe8 21. Ng3 Bxg3 22. fxg3 Qxe2 23. Nxf7 Qe7 24. Bg5 Qe6 25. Nh6+ Kh7 26. Rf6 Qe2 27. Rdf1 Ne3 28. R6f2 1-0


[Site "https://www.chess.com"]

[Event "Titled Tuesday Blitz May 03 Late 2022"]
[White "Jacobson, Brandon"]
[Black "Shimanov, Aleksandr"]
[WhiteFideId "30901561"]
[BlackFideId "4198603"]
[WhiteElo "2362"]
[BlackElo "2636"]
[Result "0-1"]
[Round "07"]
[TimeControl "180+1"]
[Date "2022.05.03"]
[WhiteClock "0:00:10"]
[BlackClock "0:00:17"]

1. d4 d5 2. c4 e6 3. Nf3 Nf6 4. g3 Nbd7 5. Bg2 dxc4 6. Nfd2 e5 7. Nxc4 exd4 8. Qxd4 Bc5 9. Qd3 O-O 10. O-O Nb6 11. Qxd8 Rxd8 12. Na5 c6 13. Nc3 Bb4 14. Nb3 Be6 15. Be3 Nc4 16. Bc5 a5 17. a3 Bxc3 18. bxc3 a4 19. Nd4 Bd5 20. Rfb1 Bxg2 21. Kxg2 Ne4 22. Rb4 Ncd2 23. Bb6 Rd7 24. Rd1 Nb3 25. Rc4 Ned2 26. Nxb3 Nxc4 27. Rxd7 axb3 28. Rxb7 b2 29. Bc5 h5 30. f3 Ra5 0-1


[Site "https://www.chess.com"]

[Event "Titled Tuesday Blitz May 03 Late 2022"]
[White "Karttunen, Mika"]
[Black "Mikhailov, Viacheslav"]
[WhiteFideId "502081"]
[BlackFideId "4187369"]
[WhiteElo "2343"]
[BlackElo "2381"]
[Result "0-1"]
[Round "07"]
[TimeControl "180+1"]
[Date "2022.05.03"]
[WhiteClock "0:00:01"]
[BlackClock "0:00:03"]

1. e4 d6 2. d4 Nf6 3. f3 g6 4. Be3 Bg7 5. c4 O-O 6. Nc3 e5 7. d5 Nh5 8. g4 Nf4 9. h4 f5 10. g5 fxe4 11. Nxe4 Bf5 12. Qd2 Nd7 13. Ne2 Bxe4 14. fxe4 Nc5 15. Nc3 a5 16. O-O-O b6 17. Kb1 Qd7 18. Rg1 Rf7 19. Rg3 Raf8 20. Be2 Nxe2 21. Qxe2 a4 22. h5 a3 23. b3 Rf4 24. Bxc5 bxc5 25. hxg6 hxg6 26. Qe3 Qf7 27. Nb5 Rf1 28. Rc1 Rxc1+ 29. Qxc1 Qf2 30. Re3 Qg2 31. Nxa3 Qxg5 32. Nc2 Bh6 33. Qh1 Kg7 34. Rh3 Qd2 35. Rh2 Qd3 36. Rxh6 Rf1+ 37. Kb2 Rxh1 38. Rxh1 Qxe4 39. Re1 Qd3 40. a4 Qd2 41. Ra1 Qa5 42. Rg1 e4 43. Re1 g5 44. Rxe4 Qd2 45. Re7+ Kg6 46. Re6+ Kh5 47. Re1 g4 48. Ra1 g3 49. a5 Qg5 50. a6 Qg7+ 51. Ka3 g2 52. a7 Qg8 53. Rg1 Qa8 54. Rxg2 Qxa7+ 55. Kb2 Qb8 56. Re2 Kg4 57. Re3 Kf4 58. Re7 Qd8 59. Re6 Qh8+ 60. Kb1 Qc3 61. Na1 Qd3+ 62. Kb2 Qd2+ 63. Nc2 Qa5 64. Re7 Kf5 65. Re6 Qb6 66. Re3 c6 67. dxc6 Qxc6 68. Rd3 Qc7 69. Rd5+ Kf6 70. Rd1 Qg7 71. Rd5 Ke6+ 72. Kb1 Qc3 73. Na1 Qe3 74. Rd1 Qe4+ 75. Nc2 Kd7 76. Re1 Qd3 77. Kb2 Qg6 78. Re3 Kc6 79. Re2 Qf6+ 80. Kb1 Qc3 81. Re3 Qd2 82. Rg3 Kb6 83. Rg8 Qd1+ 84. Kb2 Qf3 85. Rb8+ Ka6 0-1


[Site "https://www.chess.com"]

[Event "Titled Tuesday Blitz May 03 Late 2022"]
[White "Kate1606"]
[Black "Romero Ruscalleda, Josep"]
[BlackFideId "2231859"]
[WhiteElo "2131"]
[BlackElo "2267"]
[Result "0-1"]
[Round "07"]
[TimeControl "180+1"]
[Date "2022.05.03"]
[WhiteClock "0:02:23"]
[BlackClock "0:02:53"]

1. e4 g6 2. d4 Bg7 3. c4 d6 4. Nc3 e5 5. Nge2 Nc6 6. d5 Nce7 7. Be3 f5 8. f3 Nf6 9. Qd2 O-O 10. O-O-O fxe4 11. Nxe4 Nf5 12. Bg1 Nxe4 13. fxe4 Bh6 0-1


[Site "https://www.chess.com"]

[Event "Titled Tuesday Blitz May 03 Late 2022"]
[White "Kazakouski, Valery"]
[Black "Koelle, Tobias"]
[WhiteFideId "13507443"]
[BlackFideId "16207378"]
[WhiteElo "2524"]
[BlackElo "2541"]
[Result "1-0"]
[Round "07"]
[TimeControl "180+1"]
[Date "2022.05.03"]
[WhiteClock "0:00:57"]
[BlackClock "0:00:02"]

1. d4 Nc6 2. d5 Ne5 3. f4 Ng6 4. e4 e6 5. dxe6 fxe6 6. Nf3 Bc5 7. Bd3 Nf6 8. g3 O-O 9. e5 Ng4 10. Ng5 Bf2+ 11. Kf1 N6xe5 12. Bxh7+ Kh8 13. Kg2 b6 14. fxe5 Nh6 15. Be4 d5 16. exd6 Rb8 17. Rf1 Bc5 18. Rxf8+ Qxf8 19. dxc7 Qf2+ 20. Kh1 Ng4 21. Nf3 Rb7 22. Qd8+ Bf8 23. Qxf8# 1-0


[Site "https://www.chess.com"]

[Event "Titled Tuesday Blitz May 03 Late 2022"]
[White "Keymer, Vincent"]
[Black "Tisaj, Domen"]
[WhiteFideId "12940690"]
[BlackFideId "14628708"]
[WhiteElo "2557"]
[BlackElo "2333"]
[Result "1-0"]
[Round "07"]
[TimeControl "180+1"]
[Date "2022.05.03"]
[WhiteClock "0:00:28"]
[BlackClock "0:00:01"]

1. Nf3 Nf6 2. c4 b6 3. d4 e6 4. g3 Bb7 5. Bg2 Be7 6. O-O O-O 7. Nc3 Ne4 8. Bd2 Nxc3 9. Bxc3 Be4 10. d5 exd5 11. cxd5 Bf6 12. Rc1 Na6 13. a3 Bxc3 14. Rxc3 Qf6 15. Qd4 Qxd4 16. Nxd4 Bxg2 17. Kxg2 Rfe8 18. f3 c5 19. dxc6 dxc6 20. Rxc6 Rad8 21. Rc4 b5 22. Nxb5 Rd2 23. Rf2 Rxb2 24. Nd6 Rd8 25. e4 Rxf2+ 26. Kxf2 g6 27. e5 Rb8 28. Rc6 Rb2+ 29. Ke3 Nb8 30. Rc8+ Kg7 31. Rc7 Rb3+ 32. Kf4 g5+ 33. Ke4 Rxa3 34. e6 Ra4+ 35. Kf5 Ra5+ 36. Kg4 Ra6 37. Nf5+ Kf6 38. exf7 Kg6 39. f8=Q 1-0


[Site "https://www.chess.com"]

[Event "Titled Tuesday Blitz May 03 Late 2022"]
[White "Kim, Sergey"]
[Black "Yaran, Siar"]
[WhiteFideId "13700570"]
[BlackFideId "6323006"]
[WhiteElo "2532"]
[BlackElo "1977"]
[Result "0-1"]
[Round "07"]
[TimeControl "180+1"]
[Date "2022.05.03"]
[WhiteClock "0:01:09"]
[BlackClock "0:00:51"]

1. d4 Nf6 2. c4 e6 3. Nc3 d5 4. Nf3 Be7 5. Bf4 O-O 6. e3 Nbd7 7. c5 c6 8. h3 b6 9. b4 a5 10. a3 Ba6 11. Bxa6 Rxa6 12. O-O b5 13. Qb3 Qa8 14. Ra2 axb4 15. axb4 Rxa2 16. Nxa2 Qa6 17. Nc3 Ra8 18. Ne5 Nxe5 19. Bxe5 Nd7 20. Bg3 Bf6 21. Kh2 Qa3 22. Rb1 Qxb3 23. Rxb3 Ra1 24. Rb2 e5 25. dxe5 Nxe5 26. Rb3 Nc4 27. Bc7 Nd2 0-1


[Site "https://www.chess.com"]

[Event "Titled Tuesday Blitz May 03 Late 2022"]
[White "Koellner, Ruben Gideon"]
[Black "Pesotskiy, Mikhail"]
[WhiteFideId "12993093"]
[BlackFideId "34164453"]
[WhiteElo "2610"]
[BlackElo "2010"]
[Result "1-0"]
[Round "07"]
[TimeControl "180+1"]
[Date "2022.05.03"]
[WhiteClock "0:00:05"]
[BlackClock "0:00:22"]

1. d4 Nf6 2. Bg5 e6 3. Nd2 c5 4. e3 Nc6 5. c3 h6 6. Bh4 d5 7. Ngf3 Be7 8. Bd3 O-O 9. O-O Bd7 10. dxc5 Bxc5 11. e4 Be7 12. Bxf6 Bxf6 13. exd5 exd5 14. Nb3 Bg4 15. h3 Bh5 16. Be2 Re8 17. Re1 Qd6 18. Nfd4 Bxe2 19. Rxe2 Nxd4 20. Nxd4 Rxe2 21. Nxe2 Rd8 22. Qd3 d4 23. Rd1 Qb6 24. cxd4 Qxb2 25. Rb1 Qxa2 26. Rxb7 Bxd4 27. Nxd4 Qa1+ 28. Rb1 Qxd4 29. Qxd4 Rxd4 30. Rb8+ Kh7 31. Rb7 Kg6 32. Rxa7 h5 33. Ra5 h4 34. Kf1 Rd2 35. Ke1 Rb2 36. Ra4 Kh5 37. Ra5+ g5 38. Kf1 Kg6 39. Ra6+ f6 40. Ra5 Rc2 41. Ra4 f5 42. Ra6+ Kh5 43. Rf6 Rc1+ 44. Ke2 Rg1 45. Rxf5 Rxg2 46. Kf1 Kg6 47. Rf3 g4 48. Kxg2 gxf3+ 49. Kxf3 Kf5 50. Ke3 Ke5 1-0


[Site "https://www.chess.com"]

[Event "Titled Tuesday Blitz May 03 Late 2022"]
[White "Kollars, Dmitrij"]
[Black "Jones, Gawain C B"]
[WhiteFideId "12909572"]
[BlackFideId "409561"]
[WhiteElo "2584"]
[BlackElo "2657"]
[Result "1/2-1/2"]
[Round "07"]
[TimeControl "180+1"]
[Date "2022.05.03"]
[WhiteClock "0:00:37"]
[BlackClock "0:00:20"]

1. e4 e5 2. Nf3 Nc6 3. Bc4 Nf6 4. d3 Bc5 5. Nc3 a6 6. Bg5 h6 7. Bxf6 Qxf6 8. Nd5 Qd8 9. c3 d6 10. d4 Ba7 11. dxe5 Nxe5 12. Nxe5 dxe5 13. Qh5 O-O 14. Qxe5 Re8 15. Qf4 Be6 16. O-O-O Qg5 17. Qxg5 hxg5 18. Bb3 Bxd5 19. Rxd5 Rxe4 20. Rd7 Rf4 21. f3 Bb6 22. Re1 Rf8 23. Ree7 g6 24. Kd1 Bc5 25. Re5 Bd6 26. Rxg5 Kg7 27. Rd5 Re8 28. Rd4 Rxd4+ 29. cxd4 Re7 30. Rxe7 Bxe7 31. Ke2 b6 32. Kd3 Bd6 33. g3 g5 34. Ke4 Kg6 35. Bc4 a5 36. Bb5 f5+ 37. Kd5 Kf6 38. Bd7 f4 39. gxf4 Bxf4 40. h3 Ke7 41. Bc8 Kf6 42. Ke4 Bd6 43. b3 Bg3 44. Ke3 Bf4+ 45. Kd3 Bd6 46. Ke4 Bg3 47. Bg4 Bd6 48. f4 gxf4 49. h4 Kg6 50. Bd1 Kf6 51. Kf3 Kg6 52. Kg4 Be7 53. h5+ Kh6 54. Kxf4 Bd6+ 55. Kf5 Bh2 56. d5 Bd6 57. Be2 Bh2 58. Bd1 Bd6 59. Be2 Bh2 60. Bd1 1/2-1/2


[Site "https://www.chess.com"]

[Event "Titled Tuesday Blitz May 03 Late 2022"]
[White "Korchmar, Vasiliy"]
[Black "Rytenko, Vsevolod"]
[WhiteFideId "24131750"]
[BlackFideId "14133040"]
[WhiteElo "2370"]
[BlackElo "2120"]
[Result "1/2-1/2"]
[Round "07"]
[TimeControl "180+1"]
[Date "2022.05.03"]
[WhiteClock "0:00:04"]
[BlackClock "0:00:22"]

1. e4 d6 2. d4 Nf6 3. Nc3 g6 4. g3 Bg7 5. Bg2 O-O 6. Nge2 c5 7. dxc5 dxc5 8. Qxd8 Rxd8 9. e5 Ng4 10. f4 Nc6 11. h3 Nh6 12. g4 Nb4 13. Be4 f5 14. exf6 exf6 15. Be3 Re8 16. O-O-O Nxa2+ 17. Kb1 Nxc3+ 18. Nxc3 f5 19. Bd5+ Be6 20. g5 Bxc3 21. Bxc5 Bg7 22. gxh6 Bxh6 23. Bxb7 Rab8 24. Bc6 Rec8 25. Bxa7 Rb4 26. Bd7 Bxd7 27. Rxd7 Bg7 28. b3 Rxf4 29. Re1 Re4 30. Rxe4 fxe4 31. Bd4 Bf8 32. c4 Re8 33. Be3 Re6 34. Kc2 Rf6 35. c5 Rf3 36. Kd2 Rxh3 37. c6 Bb4+ 38. Ke2 Rh2+ 39. Kd1 Rh1+ 40. Kc2 Rh2+ 41. Kb1 Rh1+ 42. Kb2 Rh2+ 43. Kc1 Rh1+ 44. Kc2 Rh2+ 45. Kd1 Rh1+ 46. Ke2 Rh2+ 47. Kf1 Rc2 48. c7 Ba5 49. Rd8+ Kf7 50. c8=Q Rxc8 51. Rxc8 Ke6 52. Ra8 Bc3 53. Rc8 Be5 54. Rc4 Kd5 55. Rc5+ Ke6 56. b4 Bd6 57. Rc4 Kd5 58. Rd4+ Ke5 59. Rc4 Kd5 60. Rd4+ Ke5 61. b5 Bc5 62. Rxe4+ Kxe4 63. Bxc5 Kd5 64. b6 Kc6 65. Kg2 g5 66. Kg3 h5 67. Be3 Kb7 68. Kf3 Kc6 69. Ke4 h4 70. Kf3 Kb7 71. Kg4 Kc6 72. Bg1 Kb7 73. Bf2 Kc6 74. Bg1 Kb7 75. Kxg5 h3 76. Kh4 h2 77. Bxh2 Kxb6 1/2-1/2


[Site "https://www.chess.com"]

[Event "Titled Tuesday Blitz May 03 Late 2022"]
[White "Kujawski, Adam"]
[Black "Bernal Moro, Luis Javier"]
[WhiteFideId "1100920"]
[BlackFideId "2200236"]
[WhiteElo "2053"]
[BlackElo "2373"]
[Result "0-1"]
[Round "07"]
[TimeControl "180+1"]
[Date "2022.05.03"]
[WhiteClock "0:00:03"]
[BlackClock "0:00:32"]

1. e4 c5 2. Nf3 e6 3. d4 cxd4 4. Nxd4 Nc6 5. Nc3 a6 6. Nxc6 bxc6 7. Bd3 d5 8. O-O Nf6 9. Re1 Qc7 10. Bg5 Be7 11. e5 Nd7 12. Bxe7 Kxe7 13. Qg4 Kf8 14. f4 g6 15. Kh1 c5 16. f5 gxf5 17. Qh4 h5 18. Bxf5 Bb7 19. Bxe6 fxe6 20. Rf1+ Ke8 21. Rae1 Nf8 22. Rf6 Qg7 23. Ref1 d4 24. Ne4 Bxe4 25. Qxe4 Rc8 26. Qf4 Nd7 27. Rf7 Qg4 28. Re7+ Kxe7 29. Qf7+ Kd8 30. c3 d3 0-1


[Site "https://www.chess.com"]

[Event "Titled Tuesday Blitz May 03 Late 2022"]
[White "Maksimovic, Bojan"]
[Black "Djokic, Mihailo"]
[WhiteFideId "14408120"]
[BlackFideId "976440"]
[WhiteElo "2448"]
[BlackElo "2202"]
[Result "0-1"]
[Round "07"]
[TimeControl "180+1"]
[Date "2022.05.03"]
[WhiteClock "0:00:04"]
[BlackClock "0:00:18"]

1. e4 c5 2. Nf3 d6 3. d4 cxd4 4. Nxd4 Nf6 5. Nc3 g6 6. Be3 Bg7 7. f3 O-O 8. Qd2 Nc6 9. g4 Be6 10. O-O-O Ne5 11. h4 Qa5 12. Nxe6 fxe6 13. Be2 Rac8 14. Kb1 Nc4 15. Bxc4 Rxc4 16. Ne2 Qxd2 17. Rxd2 Nd7 18. b3 Rcc8 19. Rf1 Ne5 20. Nf4 Rc3 21. Nd3 Rxf3 22. Rxf3 Nxf3 23. Rf2 Ne5 24. Rd2 Nxg4 25. Bxa7 Nf6 26. e5 Ne4 27. Rd1 Rc6 28. Re1 Nc3+ 29. Kb2 Nb5 30. Bg1 dxe5 31. c4 e4+ 32. Kc1 exd3 33. Kd1 Nc3+ 34. Kd2 Nxa2 35. Kxd3 Nb4+ 36. Ke4 Rd6 37. Bc5 Nd3 38. Bxd6 Nxe1 39. Bxe7 Kf7 40. Bg5 Bf6 41. Be3 Ng2 42. Bf2 Nxh4 43. b4 Nf5 44. c5 Ke7 45. b5 Kd7 46. Bg1 Ne7 47. Bf2 Nd5 48. Be1 Nc3+ 49. Kd3 Nxb5 50. Kc4 Kc6 51. Bf2 Nc7 52. Bg3 Nd5 0-1


[Site "https://www.chess.com"]

[Event "Titled Tuesday Blitz May 03 Late 2022"]
[White "Mangialardo, Tiago Carvalho"]
[Black "Hernandez Bermudez, Ulises Eduardo"]
[WhiteFideId "2130718"]
[BlackFideId "3902510"]
[WhiteElo "2117"]
[BlackElo "2056"]
[Result "0-1"]
[Round "07"]
[TimeControl "180+1"]
[Date "2022.05.03"]
[WhiteClock "0:00:02"]
[BlackClock "0:00:45"]

1. e4 c5 2. Nf3 d6 3. d4 cxd4 4. Nxd4 Nf6 5. Nc3 a6 6. Bd3 e5 7. Nf3 Be7 8. Be3 O-O 9. Kd2 Ng4 10. Qe2 Nxe3 11. Qxe3 Be6 12. h4 Nc6 13. Ke1 Bg4 14. Nd5 Rc8 15. c3 b5 16. Nh2 Be6 17. Nxe7+ Qxe7 18. h5 f5 19. exf5 Bxf5 20. Bxf5 Rxf5 21. g4 Rf4 22. Rd1 Rcf8 23. Rd2 Nd8 24. Qd3 Nf7 25. f3 e4 26. fxe4 Rxe4+ 27. Kd1 Re8 28. Kc2 Re2 29. Nf3 Rxd2+ 30. Qxd2 Qe4+ 31. Qd3 Qxg4 32. Rg1 Qe4 33. h6 Qxd3+ 34. Kxd3 Nxh6 35. Nd4 Nf7 36. Rg4 Ne5+ 37. Kd2 Nxg4 0-1


[Site "https://www.chess.com"]

[Event "Titled Tuesday Blitz May 03 Late 2022"]
[White "Martinez Reyes, Pedro Ramon"]
[Black "Bas Mas, Jose Joaquin"]
[WhiteFideId "3901807"]
[BlackFideId "22219064"]
[WhiteElo "2410"]
[BlackElo "2212"]
[Result "1-0"]
[Round "07"]
[TimeControl "180+1"]
[Date "2022.05.03"]
[WhiteClock "0:00:32"]
[BlackClock "0:00:09"]

1. Nf3 e6 2. d3 c5 3. Nbd2 Nc6 4. g3 g6 5. Bg2 Bg7 6. O-O Nge7 7. e4 d6 8. a4 a6 9. c3 O-O 10. h4 Rb8 11. h5 b5 12. axb5 axb5 13. hxg6 hxg6 14. Ng5 b4 15. c4 Nd4 16. Ndf3 Nec6 17. Nxd4 Nxd4 18. Qg4 f6 19. Nf3 Nb3 20. Ra7 Rf7 21. Rxf7 Kxf7 22. Be3 e5 23. Qh4 Qh8 24. Rb1 Ra8 25. Qxh8 Bxh8 26. Ne1 Bg7 27. Bf3 Ra7 28. Bd1 Nd4 29. Nc2 Nxc2 30. Bxc2 Bd7 31. Bb3 f5 32. f3 Ke6 33. Kf2 Bf6 34. Rh1 Ra8 35. Rh6 fxe4 36. fxe4 Be8 37. Rh7 Ra1 38. Bc2 Ra2 39. Bc1 Ra1 40. Be3 Ra2 41. Bd1 Rxb2+ 42. Ke1 Rb1 43. Kd2 Bf7 44. Bg4+ Ke7 45. Bc8 Rb2+ 46. Kc1 Re2 47. Bh6 Rh2 48. Bf8+ Kxf8 49. Rxh2 Bg5+ 50. Kb2 Be3 51. Kb3 Bd4 52. Bb7 Kg7 53. Ra2 Kf6 54. Bc8 Kg5 55. Rh2 Kf6 56. Rh1 Kg7 57. Bb7 Be8 58. Bc8 Bf2 59. g4 Be3 60. Be6 Bf4 61. Ra1 g5 62. Bf5 Bf7 63. Ra7 Kf6 64. Rd7 Be3 65. Rxd6+ Ke7 66. Rd7+ Kf6 67. Rd6+ Ke7 68. Ra6 Bd4 69. Ra7+ Kf6 70. Ra8 Ke7 71. Rh8 Kf6 72. Rh7 Be3 73. Rh3 Bd4 74. Rf3 Ke7 75. Rf1 Be3 76. Bc8 Bd4 77. Bb7 Be3 78. Bd5 Be8 79. Rf5 Bf4 80. Bg8 Kd6 81. Rf6+ Ke7 82. Ra6 Be3 83. Bd5 Bf4 84. Re6+ Kf8 85. Rb6 Bg3 86. Rb8 Ke7 87. Rc8 Bf4 88. Rxc5 Be3 89. Rc7+ Kd6 90. Rg7 Kc5 91. Rc7+ Kd4 92. Kxb4 Kxd3 93. c5 Bd2+ 94. Kb3 Ba5 95. Ra7 Bc3 96. c6 Bd4 97. Re7 Bg6 98. c7 Bxe4 99. Bxe4+ Kxe4 100. c8=Q 1-0


[Site "https://www.chess.com"]

[Event "Titled Tuesday Blitz May 03 Late 2022"]
[White "Melkumyan, Hrant"]
[Black "Papasimakopoulos, Alexandros"]
[WhiteFideId "13302485"]
[BlackFideId "4244125"]
[WhiteElo "2604"]
[BlackElo "2340"]
[Result "0-1"]
[Round "07"]
[TimeControl "180+1"]
[Date "2022.05.03"]
[WhiteClock "0:00:01"]
[BlackClock "0:00:11"]

1. d4 e6 2. c4 Nf6 3. Nf3 Bb4+ 4. Nc3 c5 5. g3 cxd4 6. Nxd4 O-O 7. Bg2 d5 8. cxd5 Nxd5 9. Qb3 Nc6 10. Nxc6 bxc6 11. Bd2 Rb8 12. Qc2 Ba6 13. O-O Qa5 14. Rfc1 Bxc3 15. bxc3 Bc4 16. e4 Nf6 17. Rcb1 Rfd8 18. Rb4 Bd3 19. Qb2 Rbc8 20. Re1 Ba6 21. h3 c5 22. Rb3 Bc4 23. Rb7 Qxa2 24. Qxa2 Bxa2 25. Be3 a6 26. e5 Nd5 27. Bg5 Re8 28. Ra1 Bc4 29. Ra4 Bb5 30. Ra3 h6 31. Bd2 Rb8 32. Ra7 Ra8 33. Rb7 Reb8 34. Rxb8+ Rxb8 35. g4 g5 36. Kh2 Nf4 37. Be3 Nxg2 38. Kxg2 Rc8 39. Kg3 Kg7 40. h4 Kg6 41. Ra1 c4 42. hxg5 hxg5 43. Rh1 Rg8 44. Rh5 f6 45. exf6 Kxf6 46. Rh6+ Ke5 47. Rh5 Kf6 48. Rh6+ Rg6 49. Rh7 e5 50. Ra7 Ke6 51. Ra8 Kd5 52. Rd8+ Ke4 53. Bc5 Rf6 54. Be3 Rf3+ 55. Kg2 Bc6 56. Bxg5 Rxc3 57. Be3 a5 58. g5 a4 59. Rc8 Bd5 60. Rc7 Kf5+ 61. Kg3 a3 62. Ra7 Rb3 63. Ra6 c3 64. g6 c2 65. Kh4 Rb1 66. g7 Rh1+ 67. Kg3 Rg1+ 0-1


[Site "https://www.chess.com"]

[Event "Titled Tuesday Blitz May 03 Late 2022"]
[White "Mirzoev, Azer"]
[Black "Golubev, Mikhail"]
[WhiteFideId "13400304"]
[BlackFideId "14100983"]
[WhiteElo "2700"]
[BlackElo "2530"]
[Result "0-1"]
[Round "07"]
[TimeControl "180+1"]
[Date "2022.05.03"]
[WhiteClock "0:00:08"]
[BlackClock "0:00:58"]

1. Nf3 d6 2. c4 g6 3. Nc3 Bg7 4. g3 Nf6 5. Bg2 O-O 6. O-O e5 7. d3 Nc6 8. Bg5 h6 9. Bxf6 Bxf6 10. Nd2 Bg7 11. Rb1 a5 12. a3 f5 13. b4 axb4 14. axb4 e4 15. Nd5 exd3 16. exd3 Nd4 17. Re1 Be6 18. Nb3 Bf7 19. b5 Nxb3 20. Qxb3 Kh7 21. Nf4 g5 22. Ne6 Bxe6 23. Rxe6 Qd7 24. c5 dxc5 25. Bxb7 Rae8 26. Rbe1 Rxe6 27. Rxe6 f4 28. Be4+ Kh8 29. Kg2 Qf7 30. g4 f3+ 31. Kh3 h5 32. Qd5 hxg4+ 33. Kxg4 Qf4+ 34. Kh5 Qh4+ 35. Kg6 Qh6# 0-1


[Site "https://www.chess.com"]

[Event "Titled Tuesday Blitz May 03 Late 2022"]
[White "Mogranzini, Roberto"]
[Black "Mikhalsky, Vladimir"]
[WhiteFideId "810894"]
[BlackFideId "14144352"]
[WhiteElo "2469"]
[BlackElo "2301"]
[Result "1-0"]
[Round "07"]
[TimeControl "180+1"]
[Date "2022.05.03"]
[WhiteClock "0:01:26"]
[BlackClock "0:00:01"]

1. e4 c5 2. Nc3 Nc6 3. Bb5 g6 4. Bxc6 dxc6 5. d3 e5 6. Be3 b6 7. Qd2 f6 8. Nge2 Be6 9. O-O g5 10. b3 Qd7 11. a4 a5 12. Nd1 Nh6 13. f3 Nf7 14. Bf2 h5 15. Ne3 Bh6 16. Nc4 Rb8 17. Rad1 g4 18. Be3 Ke7 19. f4 h4 20. fxe5 fxe5 21. Bxh6 Nxh6 22. Nxe5 Qd6 23. Ng6+ Kd7 24. Nxh8 Rxh8 25. Qg5 Nf7 26. Qg7 Rf8 27. Nf4 h3 28. Ng6 hxg2 29. Nxf8+ Kc7 30. Rxf7+ Bxf7 31. Qxf7+ 1-0


[Site "https://www.chess.com"]